 Dungeon Sprint DCSS version 0.30-a0-34-gbe8da3892a (webtiles) character file.

Game seed: 10524578919868088720

1918 mhtbhm the Eclecticist (level 8, -10/44 HPs)
             Began as a Deep Elf Fire Elementalist on Aug 27, 2022.
             Mangled by an ice devil (13 damage)
             ... summoned by an orc high priest
             ... in the Dungeon (Sprint III: "The Ten Rune Challenge").
             The game lasted 00:03:45 (1193 turns).

mhtbhm the Eclecticist (Deep Elf Fire Elementalist) Turns: 1193, Time: 00:03:45

Health: -10/44     AC:  3    Str:  5    XL:     8   Next: 95%
Magic:  14/29      EV: 14    Int: 23    God:
Gold:   17         SH:  0    Dex: 15    Spells: 25/38 levels left

rFire   . . .      SeeInvis +    j - +2 dagger (venom)
rCold   . . .      Faith    .    (no shield)
rNeg    . . .      Spirit   .    a - +0 robe
rPois   +          Reflect  .    (helmet restricted)
rElec   .          Harm     .    l - +0 cloak {rCorr}
rCorr   +          Rampage  .    (no gloves)
Will    .....      NoTele   +    (no boots)
Stlth   +++.......               (no amulet)
HPRegen 0.14/turn                (no ring)
MPRegen 0.21/turn                (no ring)

@: no status effects
A: horns 1, see invisible, poison resistance
a: no special abilities


You were in the Dungeon.
You visited 1 branch You collected 17 gold pieces.

Inventory:

Hand Weapons
 j - a +2 dagger of venom (weapon)
Armour
 a - a +0 robe (worn)
 l - a +0 cloak of preservation (worn)
Wands
 r - a wand of roots (2)
Scrolls
 g - a scroll of blinking
 n - a scroll of poison
Potions
 b - 3 potions of magic
 c - a potion of curing
 d - a potion of heal wounds
 e - 2 potions of haste
 f - a potion of berserk rage
 h - a potion of ambrosia
 i - 2 potions of degeneration {unknown}
 k - a potion of might
 m - 2 potions of mutation
 q - a potion of cancellation {unknown}
Miscellaneous
 s - a piece from Xom's chessboard (15/15)


   Skills:
 + Level 2.0 Fighting
 + Level 6.0 Dodging
 + Level 5.5 Stealth
 + Level 15.9 Spellcasting
 + Level 6.1 Conjurations
 + Level 14.9 Fire Magic


You had 25 spell levels left.
You knew the following spells:

 Your Spells              Type           Power      Damage    Failure   Level
a - Foxfire               Conj/Fire      100%       2x1d9     1%          1
b - Scorch                Fire           100%       2d10      0%          2
c - Conjure Flame         Conj/Fire      61%        6-21      1%          3
d - Inner Flame           Hex/Fire       52%        N/A       1%          3
e - Flame Wave            Conj/Fire      61%        2d14      1%          4

Your spell library contained the following spells:

 Spells                   Type           Power      Damage    Failure   Level
 Freeze                   Ice            72%        1d9       3%          1
 Hailstorm                Conj/Ice       32%        3d8       9%          4
 Frozen Ramparts          Ice            36%        1d6       10%         3
 Ice Form                 Ice/Tmut       18%        N/A       30%         4
 Summon Ice Beast         Ice/Summ       18%        N/A       30%         4


Dungeon Overview and Level Annotations

Branches:
Dungeon (1/1)

Altars:
Cheibriados
Dithmenos
Elyvilon
Fedhas
Gozag
Hepliaklqana
Kikubaaqudgha
Makhleb
Nemelex Xobeh
Okawaru
Qazlal
Ru
Sif Muna
Trog
Uskayaw
Vehumet
Wu Jian
Xom
Yredelemnul
Zin
The Shining One
Jiyva
Lugonu


Innate Abilities, Weirdness & Mutations

You have a pair of small horns on your head.
You have supernaturally acute eyesight. (SInv)
Your system is resistant to poisons. (rPois)


Message History

Your butterfly disappears in a burst of colours!
The orc priest complains repeatedly.
The ice devil misses you.
Unknown command.
As you read the scroll labelled ECAKUZ ICURUA, it crumbles to dust.
It is a scroll of identify.
h - a potion of ambrosia Your butterfly is engulfed in poison gas.
Your butterfly is poisoned.
You kill your butterfly!
Your butterfly disappears in a burst of colours!
Your butterfly is engulfed in poison gas.
Your butterfly is poisoned.
You kill your butterfly!
Your butterfly disappears in a burst of colours!
Your butterfly is engulfed in poison gas.
Your butterfly is poisoned.
You kill your butterfly!
Your butterfly disappears in a burst of colours!
Your butterfly is poisoned.
An orc comes into view. It is wielding a +0 dagger.
The ice devil misses you.
Unknown command.
Unknown command.
Casting: Scorch (safe; 0% risk of failure)
Confirm with . or Enter, or press ? or * to list all spells.
Flames lash the orc high priest.
The orc high priest is almost dead.
The orc high priest's fire resistance burns away.
You kill your butterfly!
Your butterfly disappears in a burst of colours!
Your butterfly is engulfed in poison gas.
Your butterfly is poisoned.
You kill your butterfly!
Your butterfly disappears in a burst of colours!
The orc high priest mumbles some strange prayers to Beogh against you.
Pain shoots through your body! The ice devil hits you!
* * * LOW HITPOINT WARNING * * *
The ice devil freezes you!
You die...

▓▓▓ ▓ ♣.############ $#
♣♣.#___#___#__######$#$
..#...#__)#._#$○ooo...
♣♣♣.###)#÷###)##☼☼o°oo
♣.♣.#..........#§§o☼
♣♣..'.⌠........#4$#
~.♣.#...######'#@○#
....#.⌠.#__#...#§#######
....#...#__#...#§§§§~+.#
....#'###__#...#☼#§§~#.#
....#.).#__#...'.#.§§#.#
....#___#__'...#○#§§§#.E
▓▓▓▓▓▓▓▓▓▓▓▓▓▓▓▓▓▓▓▓▓▓▓▓▓


You could see an orc high priest (combustible), an ice devil (summoned), an orc
warrior, 2 orc priests and 3 orcs.

Vanquished Creatures
  Josephine (D)
  A deep elf pyromancer (D)
  A shadow (D)
  A spatial vortex (D)
  A water elemental (D)
  A necrophage (D)
  Crazy Yiuf (D)
  A jelly (D)
  An orc priest (D)
  Jessica (D)
  A necromancer (D)
  A wizard (D)
  3 humans (D)
  A kobold demonologist (D)
  6 orcs (D)
  An endoplasm (D)
  2 rats (D)
25 creatures vanquished.

Vanquished Creatures (others)
  25 foxfires (D)
25 creatures vanquished.

Grand Total: 50 creatures vanquished

Notes
Turn   | Place    | Note
-------+----------+-------------------------------------------
     0 | D        | mhtbhm the Deep Elf Fire Elementalist began the quest for
                  | the Orb.
     0 | D        | Reached XP level 1. HP: 10/10 MP: 6/6
    35 | D        | Noticed Jessica
    39 | D        | Killed Jessica
    40 | D        | Reached skill level 4 in Spellcasting
    40 | D        | Reached skill level 5 in Fire Magic
    40 | D        | Reached XP level 2. HP: 15/15 MP: 2/9
    43 | D        | Reached XP level 3. HP: 19/19 MP: 1/11
   145 | D        | Learned a level 2 spell: Scorch
   152 | D        | Reached skill level 5 in Spellcasting
   224 | D        | Learned a level 3 spell: Conjure Flame
   228 | D        | Learned a level 3 spell: Inner Flame
   236 | D        | Noticed Crazy Yiuf
   241 | D        | Killed Crazy Yiuf
   242 | D        | Reached skill level 6 in Spellcasting
   242 | D        | Reached XP level 4. HP: 24/24 MP: 7/14
   309 | D        | Gained mutation: You have hidden genetic potential. [potion
                  | of mutation]
   309 | D        | Gained mutation: You have supernaturally acute eyesight.
                  | (SInv) [potion of mutation]
   323 | D        | Noticed a water elemental
   333 | D        | Killed a water elemental
   334 | D        | Reached skill level 7 in Spellcasting
   334 | D        | Reached XP level 5. HP: 28/28 MP: 8/16
   466 | D        | Found a radiant altar of Vehumet.
   467 | D        | Found a shimmering blue altar of Sif Muna.
   467 | D        | Found an ancient bone altar of Kikubaaqudgha.
   470 | D        | Noticed a sixfirhy
   471 | D        | Reached skill level 8 in Spellcasting
   475 | D        | Gained mutation: Your system is resistant to poisons.
                  | (rPois) [hidden potential]
   492 | D        | Learned a level 4 spell: Flame Wave
   504 | D        | Found a basalt altar of Yredelemnul.
   504 | D        | Found a shadowy altar of Dithmenos.
   504 | D        | Found a sacrificial altar of Ru.
   508 | D        | Reached skill level 9 in Spellcasting
   508 | D        | Reached skill level 10 in Fire Magic
   509 | D        | Reached XP level 6. HP: 33/33 MP: 8/20
   588 | D        | Found a glowing silver altar of Zin.
   588 | D        | Found a glowing golden altar of the Shining One.
   588 | D        | Found a white marble altar of Elyvilon.
   588 | D        | Noticed a deep elf pyromancer
   591 | D        | Killed a deep elf pyromancer
   592 | D        | Reached skill level 5 in Dodging
   592 | D        | Reached skill level 12 in Spellcasting
   592 | D        | Reached XP level 7. HP: 37/37 MP: 14/24
   597 | D        | Gained mutation: You have a pair of small horns on your
                  | head. [hidden potential]
   597 | D        | Lost mutation: You have hidden genetic potential. [hidden
                  | potential expressed]
   646 | D        | Found a hide-covered altar of Uskayaw.
   646 | D        | Found an iron altar of Okawaru.
   646 | D        | Found a bloodstained altar of Trog.
   646 | D        | Found an ornate altar of the Wu Jian Council.
   646 | D        | Noticed a human
   646 | D        | Noticed a human
   650 | D        | Killed a human
   651 | D        | Reached skill level 1 in Fighting
   651 | D        | Reached skill level 13 in Spellcasting
   654 | D        | Killed a human
   940 | D        | Noticed a shadow
   945 | D        | Killed a shadow
   946 | D        | Reached skill level 5 in Conjurations
   946 | D        | Reached XP level 8. HP: 37/43 MP: 14/27
  1011 | D        | Found a blossoming altar of Fedhas.
  1011 | D        | Found a stormy altar of Qazlal.
  1011 | D        | Found a snail-covered altar of Cheibriados.
  1011 | D        | Found a burning altar of Makhleb.
  1011 | D        | Found a shimmering altar of Xom.
  1013 | D        | Found a hazy altar of Hepliaklqana.
  1013 | D        | Found an opulent altar of Gozag.
  1013 | D        | Found a sparkling altar of Nemelex Xobeh.
  1013 | D        | Found a corrupted altar of Lugonu.
  1013 | D        | Found a viscous altar of Jiyva.
  1025 | D        | Reached skill level 5 in Stealth
  1025 | D        | Reached skill level 14 in Spellcasting
  1115 | D        | Noticed Josephine
  1119 | D        | Killed Josephine
  1120 | D        | Reached skill level 15 in Spellcasting
  1184 | D        | Noticed an orc high priest
  1190 | D        | Noticed an ice devil
  1193 | D        | Mangled by an ice devil

Illustrated notes

Levels and vault maps discovered:
D:        dungeon_sprint_mu [sprint_mu_entry_forest, sprint_mu_temple_rooms,
          sprint_mu_d1_horrors, sprint_mu_d2_genie, sprint_mu_d3_branching,
          sprint_mu_orc_legion, sprint_mu_elf_gauntlet, sprint_mu_hive_nellie,
          sprint_mu_lair_fedhas, sprint_mu_vaults_butterflies,
          sprint_mu_slime_circle, sprint_mu_shoals_kraken,
          sprint_mu_snake_twists, sprint_mu_blade_basic,
          sprint_mu_crypt_chambers, sprint_mu_tomb_spiral,
          sprint_mu_vestibule_basic, sprint_mu_gehenna_hellfire,
          sprint_mu_dis_giant, sprint_mu_tartarus_statrot,
          sprint_mu_cocytus_islands, sprint_mu_zot1]

Skill      XL: |  1  2  3  4  5  6  7  8 |
---------------+-------------------------+-----
Fire Magic     | 5 7 8 10 12 13 14 | 14.9
Dodging        | 3 4 5 6 |  6.0
Stealth        | 3 4 5 |  5.5
Spellcasting   | 4 6 7 9 12 13 15 | 15.9
Conjurations   | 2 3 4 5 6 |  6.1
Fighting       | 1 2 |  2.0

Action                   |  1- 3 |  4- 6 |  7- 9 || total
-------------------------+-------+-------+-------++-------
Melee: Dagger            |       |       |     1 ||     1
 Cast: Foxfire           |     9 |     4 |     3 ||    16
       Scorch            |     6 |     8 |    12 ||    26
       Flame Wave        |       |     1 |     7 ||     8
       Inner Flame       |       |       |     2 ||     2
Evoke: Wand              |       |       |     1 ||     1
  Use: Potion            |       |     1 |     1 ||     2
       Scroll            |       |       |     3 ||     3
 Stab: Sleeping          |       |       |     1 ||     1
Armor: Robe              |       |     1 |       ||     1
Dodge: Dodged            |       |       |     4 ||     4

Table legend: (Time is in decaauts)
 A = Elapsed time spent in this place.
 B = Non-inter-level travel time spent in this place.
 C = Inter-level travel time spent in this place.
 D = Time resting spent in this place.
 E = Time spent auto-exploring this place.
 F = Levels seen in this place.
 G = Mean time per level.
                   A        B        C        D        E       F      G
               +--------+--------+--------+--------+--------+-----+--------+
         Total |   1199 |   1199 |      0 |    760 |    138 |   1 | 1199.0 |
       Dungeon |   1199 |   1199 |      0 |    760 |    138 |   1 | 1199.0 |
               +--------+--------+--------+--------+--------+-----+--------+

Top non-repeatable levels by time:
       D: 1199 daAuts
